 Dungeon Crawl Stone Soup version 0.23-a0-636-g0ff6057 (webtiles) character file.

399 zishaf the Magician (level 6, -2/44 HPs)
             Began as a Gnoll Wizard on Dec 28, 2018.
             Killed by nerve-wracking pain
             ... invoked by Grinder
              (13 damage)
             ... on level 3 of the Dungeon.
             The game lasted 00:07:39 (2770 turns).

zishaf the Magician (Gnoll Wizard)                  Turns: 2770, Time: 00:07:40

Health: -2/44      AC:  5    Str: 10    XL:     6   Next: 84%
Magic:  9/16       EV: 14    Int: 22    God:
Gold:   150        SH:  4    Dex: 13    Spells: 8/19 levels left

rFire    . . .     SeeInvis .   b - +2 dagger (drain)
rCold    . . .     Gourm    .   p - +0 buckler
rNeg     . . .     Faith    .   k - +0 robe
rPois    .         Spirit   .   o - +2 helmet
rElec    .         Reflect  .   (no cloak)
rCorr    +         Harm     .   (no gloves)
MR       .....                  (no boots)
Stlth    +++.......             (no amulet)
HPRegen  0.14/turn              r - ring of resist corrosion
MPRegen  0.15/turn              (no ring)

@: no status effects
A: distributed training, fangs 1, strong nose
a: no special abilities


You were on level 3 of the Dungeon.
You were hungry.

You visited 1 branch of the dungeon, and saw 3 of its levels.

You collected 150 gold pieces.

Inventory:

Hand Weapons
 a - a +0 hunting sling
 b - a +2 dagger of draining (weapon)
Missiles
 l - 24 sling bullets
 m - 91 stones (quivered)
Armour
 k - a +0 robe (worn)
 o - a +2 helmet (worn)
 p - a +0 buckler (worn)
Jewellery
 r - a ring of resist corrosion (left hand)
Scrolls
 c - a scroll of identify {unknown}
 g - 2 scrolls of teleportation {unknown}
 i - a scroll of enchant weapon {unknown}
 q - a scroll of noise {unknown}
 s - a scroll of remove curse {unknown}
 u - a scroll of blinking {unknown}
Potions
 e - a potion of might {unknown}
 f - a potion of ambrosia {unknown}
 j - a potion of heal wounds {unknown}
 n - a potion of brilliance {unknown}
 t - a potion of degeneration {unknown}
Comestibles
 d - 7 rations
 h - 4 chunks of flesh


   Skills:
 + Level 2.1 Fighting
 + Level 2.1 Short Blades
 + Level 2.1 Long Blades
 + Level 2.1 Axes
 + Level 2.1 Maces & Flails
 + Level 2.1 Polearms
 + Level 2.1 Staves
 + Level 2.1 Slings
 + Level 2.1 Bows
 + Level 2.1 Crossbows
 + Level 2.1 Throwing
 + Level 2.1 Armour
 + Level 5.0 Dodging
 + Level 4.7 Stealth
 + Level 2.1 Shields
 + Level 2.1 Unarmed Combat
 + Level 7.4 Spellcasting
 + Level 2.7 Conjurations
 + Level 1.6 Hexes
 + Level 1.6 Charms
 + Level 2.7 Summonings
 + Level 1.6 Necromancy
 + Level 2.7 Translocations
 + Level 1.6 Transmutations
 + Level 1.6 Fire Magic
 + Level 1.6 Ice Magic
 + Level 1.6 Air Magic
 + Level 1.6 Earth Magic
 + Level 1.6 Poison Magic
 + Level 2.3 Invocations
 + Level 2.1 Evocations


You had 8 spell levels left.
You knew the following spells:

 Your Spells              Type           Power        Failure   Level  Hunger
a - Magic Dart            Conj           ###.         3%          1    None
b - Call Imp              Summ           ###.....     4%          2    None
c - Conjure Flame         Conj/Fire      ###.....     12%         3    None
d - Blink                 Tloc           N/A          4%          2    None
z - Mephitic Cloud        Conj/Pois/Air  ###.....     13%         3    None

Your spell library contained the following spells:

 Spells                   Type           Power        Failure   Level  Hunger
 Slow                     Hex            ###.....     8%          2    None


Dungeon Overview and Level Annotations

Branches:
Dungeon (3/15)

Altars:
Qazlal
Sif Muna
Trog

Annotations:
D:3 Grinder


Innate Abilities, Weirdness & Mutations

Your experience applies equally to all skills.
You have very sharp teeth.
Your uncanny sense of smell can sniff out nearby items.


Message History

Your white imp gestures at Grinder.
The puff of frost hits the kobold.
The kobold dies!
Grinder gestures at you. Pain shoots through your body!
* * * LOW HITPOINT WARNING * * *
Your white imp gestures at Grinder.
The puff of frost hits Grinder.
Grinder resists.
Your crimson imp blinks!
You see here an adder skeleton.
Casting: Call Imp (safe; 4% risk of failure)
Confirm with . or Enter, or press ? or * to list all spells.
Aiming: Magic Dart (safe; 3% risk of failure)
Press: ? - help, Shift-Dir - straight line, f/p - Grinder
Aim: Grinder, carrying a wand of random effects (17) (heavily wounded)
The magic dart hits Grinder.
Grinder is heavily wounded.
Grinder gestures at you. Pain shoots through your body!
You die...

#.......# # #.......# #
############# #.......# #
##.....##..5!.# #.......# #
#....<.(.>.....## #.......# ####
$...............# #.......# #...
...S........§...####.......###.##
............5...##...###.###...##
...%..K.........@..### #.##.>####
...............5########.#..#####
.(..........5...# ##.......<.(.##
#.........../!.####.............#
......## #...............
.......# #............... ∆
#####..# #.....).........
##.###.....(.........
#..##....[..[.....§.


You could see Grinder, a friendly crimson imp and 2 friendly white imps.

Vanquished Creatures
  An eye of draining (D:3)
  A howler monkey (D:3)
  2 orc priests (D:3)
  A worker ant zombie (D:3)
  2 adders
  2 oozes (D:1)
  An adder zombie (D:3)
  2 adder skeletons (D:3)
  2 worms
  A dart slug (D:3)
  6 leopard geckos
  4 orcs
  2 ball pythons (D:2)
  2 giant cockroaches
  8 hobgoblins
  A quokka (D:2)
  12 bats
  2 frilled lizards (D:2)
  5 goblins
  9 kobolds
  3 rats
69 creatures vanquished.

Vanquished Creatures (collateral kills)
  An eye of draining (D:3)
  An adder (D:2)
  An adder zombie (D:3)
  2 dart slugs
  4 orcs
  A goblin (D:2)
  2 hobgoblins (D:3)
  4 kobolds
  2 ball pythons (D:2)
  2 bats (D:2)
  A jackal skeleton (D:3)
  A quokka zombie (D:3)
  A rat (D:3)
23 creatures vanquished.

Grand Total: 92 creatures vanquished

Notes
Turn   | Place    | Note
-------+----------+-------------------------------------------
     0 | D:1      | zishaf the Gnoll Wizard began the quest for the Orb.
     0 | D:1      | Reached XP level 1. HP: 13/13 MP: 8/8
   106 | D:1      | Reached XP level 2. HP: 19/19 MP: 6/10
   449 | D:1      | Reached XP level 3. HP: 25/25 MP: 8/11
   455 | D:1      | Learned a level 2 spell: Blink
   458 | D:1      | Learned a level 2 spell: Call Imp
   462 | D:1      | Learned a level 3 spell: Conjure Flame
   466 | D:1      | Learned a level 3 spell: Mephitic Cloud
   887 | D:2      | Reached skill level 1 in Invocations
  1036 | D:2      | Reached skill level 1 in Fighting
  1036 | D:2      | Reached skill level 1 in Short Blades
  1036 | D:2      | Reached skill level 1 in Long Blades
  1036 | D:2      | Reached skill level 1 in Axes
  1036 | D:2      | Reached skill level 1 in Maces & Flails
  1036 | D:2      | Reached skill level 1 in Polearms
  1036 | D:2      | Reached skill level 1 in Staves
  1036 | D:2      | Reached skill level 1 in Slings
  1036 | D:2      | Reached skill level 1 in Bows
  1036 | D:2      | Reached skill level 1 in Crossbows
  1036 | D:2      | Reached skill level 1 in Throwing
  1036 | D:2      | Reached skill level 1 in Armour
  1036 | D:2      | Reached skill level 1 in Shields
  1036 | D:2      | Reached skill level 1 in Unarmed Combat
  1036 | D:2      | Reached skill level 1 in Evocations
  1073 | D:2      | Reached XP level 4. HP: 32/32 MP: 7/13
  1148 | D:2      | Found a stormy altar of Qazlal.
  1150 | D:2      | Noticed a water elemental
  1151 | D:2      | Noticed an earth elemental
  1151 | D:2      | Noticed a fire elemental
  1151 | D:2      | Noticed an air elemental
  1468 | D:2      | Found a deep blue altar of Sif Muna.
  1754 | D:3      | Reached skill level 1 in Hexes
  1754 | D:3      | Reached skill level 1 in Charms
  1754 | D:3      | Reached skill level 1 in Necromancy
  1754 | D:3      | Reached skill level 1 in Transmutations
  1754 | D:3      | Reached skill level 1 in Fire Magic
  1754 | D:3      | Reached skill level 1 in Ice Magic
  1754 | D:3      | Reached skill level 1 in Air Magic
  1754 | D:3      | Reached skill level 1 in Earth Magic
  1754 | D:3      | Reached skill level 1 in Poison Magic
  1838 | D:3      | Reached XP level 5. HP: 35/37 MP: 6/14
  2162 | D:3      | Noticed an eye of draining
  2193 | D:3      | Noticed an eye of draining
  2202 | D:3      | Killed an eye of draining
  2202 | D:3      | Reached XP level 6. HP: 44/44 MP: 0/16
  2214 | D:3      | Killed an eye of draining
  2214 | D:3      | Reached skill level 5 in Dodging
  2320 | D:3      | Found a bloodstained altar of Trog.
  2515 | D:3      | Noticed Grinder
  2770 | D:3      | Killed from afar by Grinder

Vault maps used:
D:1:      saegor_arrival_under_anarchy, chequers_mini_garden, glass_columns_b,
          minmay_misc_feat_five, st_stairs_3, minmay_misc_feat_room
D:2:      led_sif_pool, kennysheep_path_1, nicolae_qazlal_style_of_elements
D:3:      trog_eyes_of_draining, first_ration, serial_undead, serial_undead_b,
          serial_undead_a, serial_undead_d, serial_undead_a, uniq_grinder

Skill      XL: |  1  2  3  4  5  6 |
---------------+-------------------+-----
Conjurations   | 2 |  2.7
Summonings     | 2 |  2.7
Translocations | 2 |  2.7
Invocations    | 1 2 |  2.3
Fighting       | 1 2 |  2.1
Short Blades   | 1 2 |  2.1
Long Blades    | 1 2 |  2.1
Axes           | 1 2 |  2.1
Maces & Flails | 1 2 |  2.1
Polearms       | 1 2 |  2.1
Staves         | 1 2 |  2.1
Slings         | 1 2 |  2.1
Bows           | 1 2 |  2.1
Crossbows      | 1 2 |  2.1
Throwing       | 1 2 |  2.1
Armour         | 1 2 |  2.1
Shields        | 1 2 |  2.1
Unarmed Combat | 1 2 |  2.1
Evocations     | 1 2 |  2.1
Hexes          | 1 |  1.6
Charms         | 1 |  1.6
Necromancy     | 1 |  1.6
Transmutations | 1 |  1.6
Fire Magic     | 1 |  1.6
Ice Magic      | 1 |  1.6
Air Magic      | 1 |  1.6
Earth Magic    | 1 |  1.6
Poison Magic   | 1 |  1.6
Dodging        | 5 |  5.0
Stealth        | |  4.7
Spellcasting   | |  7.4

Action                   |  1- 3 |  4- 6 || total
-------------------------+-------+-------++-------
Melee: Hunting sling     |     2 |       ||     2
       Dagger            |       |    38 ||    38
       Bite              |       |     6 ||     6
 Fire: Hunting sling     |    31 |    99 ||   130
 Cast: Magic Dart        |    43 |    54 ||    97
       Call Imp          |     8 |    14 ||    22
       Mephitic Cloud    |     1 |     1 ||     2
       Conjure Flame     |       |     2 ||     2
 Stab: Distracted        |       |     1 ||     1
  Eat: Chunk             |       |     5 ||     5
Armor: Robe              |     7 |    11 ||    18
Dodge: Dodged            |    21 |    53 ||    74
Block: Buckler           |     1 |    15 ||    16

Table legend:
 A = Non-vault XP
 B = Vault XP
 C = Vault XP percentage of total XP
 D = Non-vault monster count
 E = Vault monster count
 F = Vault count percentage of total count
                 A         B        C        D         E       F
            +---------+---------+-------+---------+---------+-------
      Total |     319 |     252 |  44.1 |      79 |      13 |  14.1
            +---------+---------+-------+---------+---------+-------
        D:1 |      44 |       3 |   6.4 |      18 |       2 |  10.0
        D:2 |      82 |       0 |   0.0 |      36 |       0 |   0.0
        D:3 |     193 |     249 |  56.3 |      25 |      11 |  30.6
            +---------+---------+-------+---------+---------+-------
